 Dungeon Crawl Stone Soup version 0.22-a0-480-g991dd4b (webtiles) character file.

250 Gorice the Poker (level 5, 0/38 HPs)
             Began as a Demonspawn Wanderer on June 16, 2018.
             Killed from afar by an orc wizard (10 damage)
             ... with a puff of flame
             ... on level 3 of the Dungeon.
             The game lasted 00:10:55 (3630 turns).

Gorice the Poker (Demonspawn Wanderer)              Turns: 3630, Time: 00:10:55

Health: 0/38       AC: 12    Str: 15    XL:     5   Next: 88%
Magic:  9/9        EV:  6    Int: 12    God:
Gold:   197        SH:  0    Dex: 12    Spells: 10/10 levels left

rFire    . . .     SeeInvis .   a - +0 trident
rCold    + . .     Gourm    .   (no shield)
rNeg     . . .     Faith    .   h - +0 chain mail
rPois    .         Spirit   .   (helmet restricted)
rElec    .         Reflect  .   k - +0 cloak
rCorr    .         Harm     .   (no gloves)
MR       .....                  (no boots)
Stlth    ..........             (no amulet)
HPRegen  0.12/turn              c - +2 ring of protection
MPRegen  0.11/turn              b - ring of flight

@: no status effects
A: antennae 2, cold resistance 1
a: Evoke Flight


You were on level 3 of the Dungeon.
You were near starving.

You visited 1 branch of the dungeon, and saw 4 of its levels.

You collected 197 gold pieces.

Inventory:

Hand Weapons
 a - a +0 trident (weapon)
 e - a +0 dagger
 i - a +0 spear
 B - a +0 blowgun
Missiles
 Y - 109 stones (quivered)
Armour
 d - a +0 robe
 h - a +0 chain mail (worn)
 k - a +0 cloak (worn)
Jewellery
 b - a ring of flight (right hand)
 c - a +2 ring of protection (left hand)
Potions
 j - a potion of brilliance {unknown}
 m - a potion of curing
 n - a potion of flight {unknown}
Comestibles
 f - 9 rations


   Skills:
 - Level 2.0 Fighting
 * Level 4.4 Polearms
 + Level 2.4 Armour
 - Level 2.6 Stealth
 - Level 3.0 Spellcasting
   Level 1.0 Hexes
   Level 1.0 Transmutations


You had 10 spell levels left.
You didn't know any spells.
Your spell library contained the following spells:

 Spells                   Type           Power        Failure   Level  Hunger
 Confuse                  Hex            #.......     100%        3    ###....
 Tukima's Dance           Hex            #.......     100%        3    ###....
 Stone Arrow              Conj/Erth      #.....       100%        3    ###....
 Ensorcelled Hibernation  Hex/Ice        #.....       99%         2    ###....
 Corona                   Hex            #......      98%         1    #......
 Sandblast                Erth           #.....       99%         1    #......
 Dazzling Spray           Conj/Hex       #.....       100%        3    ###....


Dungeon Overview and Level Annotations

Branches:
Dungeon (4/15)
 Temple: D:4-7

Altars:
Dithmenos

Annotations:
D:4 Menkaure


Innate Abilities, Weirdness & Mutations

You have a pair of antennae on your head.
Your flesh is cold resistant. (rC+)


Message History

Level annotation: Menkaure You hear the rapid rusting of a distant drain.
The orc throws a tomahawk.
The tomahawk hits you but does no damage.
Menkaure calls on the powers of darkness!
The orc convulses!
The orc wizard convulses!
The orc convulses!
Your body is wracked with pain!
The orc wizard convulses!
The orc throws a tomahawk.
The tomahawk hits you but does no damage.
The orc hits you but does no damage.
There is a stone staircase leading up here.
You see here 2 tomahawks.
Damage: 18 (max 18) Unknown command.
Unknown command.
Unknown command.
Unknown command.
The orc wizard hits you with a dagger.
* * * LOW HITPOINT WARNING * * *
You climb upwards.
There is a stone staircase leading down here.
Damage: 1 (max 18) Unknown command.
Unknown command.
Unknown command.
Unknown command.
Unknown command.
Unknown command.
You completely miss the orc wizard.
The orc wizard is heavily wounded.
The orc wizard casts a spell at you. The puff of flame hits you!
* * * LOW HITPOINT WARNING * * *
Damage: 10 (max 18)
Your chain mail prevents you from hitting the orc wizard.
The orc wizard is heavily wounded.
The orc wizard hits you but does no damage.
You puncture the orc wizard!
The orc wizard is almost dead.
The orc wizard hits you but does no damage.
You barely miss the orc wizard.
The orc wizard is almost dead.
The orc wizard hits you but does no damage.
Unknown command.
Unknown command.
You hit the orc wizard but do no damage.
The orc wizard is almost dead.
The orc wizard casts a spell at you. The puff of flame hits you!
You die...

..........#####.##.#.#
..........#####.#..#.#
................#..#.#
....#......#######?#.#
....######.#.......#.#
....# #.#.#######.#
##### #.#.........#
##########.#......####
.....[..[.)[...o@.#
######.#####......#
#...)..# #......# #
#......# #......# #
#......# ########
###......# .##.[....#
.#####'### .## #.#


You could see an orc wizard.

Vanquished Creatures
  An ogre (D:4)
  A hound (D:3)
  An orc priest (D:3)
  An orc wizard (D:3)
  2 adders
  An ooze (D:1)
  7 orcs (D:3)
  A giant cockroach (D:1)
  9 hobgoblins
  6 jackals (D:3)
  A quokka (D:3)
  4 bats
  A frilled lizard (D:1)
  2 goblins (D:1)
  9 kobolds
  9 rats
56 creatures vanquished.

Notes
Turn   | Place    | Note
-------+----------+-------------------------------------------
     0 | D:1      | Gorice the Demonspawn Wanderer began the quest for the Orb.
     0 | D:1      | Gorice set off with: a +0 spear, a +0 robe, a +0 dagger, a ration
     0 | D:1      | Reached XP level 1. HP: 16/16 MP: 4/4
   151 | D:1      | Reached skill level 1 in Polearms
   294 | D:1      | Gained mutation: You have a pair of small antennae on your head. [demonic ancestry]
   294 | D:1      | Reached XP level 2. HP: 22/22 MP: 6/6
   564 | D:1      | Reached skill level 2 in Polearms
  1188 | D:2      | Gained mutation: You have a pair of antennae on your head. [demonic ancestry]
  1188 | D:2      | Reached XP level 3. HP: 16/27 MP: 7/7
  1762 | D:3      | HP: 2/27 [something/puff of flame (8)]
  1791 | D:3      | Reached skill level 3 in Polearms
  1791 | D:3      | Reached skill level 1 in Armour
  1791 | D:3      | Reached XP level 4. HP: 18/33 MP: 8/8
  2207 | D:3      | Found a shadowy altar of Dithmenos.
  2437 | D:3      | HP: 9/33 [orc priest/nerve-wracking pain (12)]
  2437 | D:3      | HP: 2/33 [orc/trident (7)]
  2445 | D:3      | HP: 14/49 [orc/trident (3)]
  2876 | D:3      | Gained mutation: Your flesh is cold resistant. (rC+) [demonic ancestry]
  2876 | D:3      | Reached XP level 5. HP: 38/38 MP: 9/9
  2963 | D:4      | Noticed an ogre
  2975 | D:4      | HP: 10/38 [ogre/giant club (10)]
  2977 | D:4      | Killed an ogre
  2977 | D:4      | Reached skill level 4 in Polearms
  2977 | D:4      | Reached skill level 2 in Armour
  2991 | D:3      | HP: 7/38 [hound (1)]
  2992 | D:3      | HP: 3/38 [hound (4)]
  2995 | D:3      | HP: 1/38 [hound (3)]
  3295 | D:4      | Noticed Menkaure
  3626 | D:3      | HP: 9/38 [orc wizard/puff of flame (10)]
  3630 | D:3      | Killed from afar by an orc wizard

Vault maps used:
D:1:      matt_arrival_los_fun
D:3:      grunt_dithmenos_smoke_and_mirrors
D:4:      gup_sewer_entry_spiral, minmay_misc_feat_more_columns, uniq_sigmund,
          uniq_menkaure

Skill      XL: |  1  2  3  4  5 |
---------------+----------------+-----
Polearms       | 1 2 3 4 |  4.4
Armour         | 1 2 |  2.4
Fighting       | |  2.0
Stealth        | |  2.6
Spellcasting   | |  3.0
Hexes          | |  1.0
Transmutations | |  1.0

Action                   |  1- 3 |  4- 6 || total
-------------------------+-------+-------++-------
Melee: Spear             |   209 |   108 ||   317
       Trident           |       |    36 ||    36
Throw: Stone             |     3 |     2 ||     5
  Use: Scroll            |     5 |     2 ||     7
       Potion            |     2 |     4 ||     6
  Eat: Chunk             |     3 |     4 ||     7
Armor: Robe              |    10 |       ||    10
       Chain mail        |    98 |    74 ||   172
Dodge: Dodged            |    51 |    37 ||    88

Table legend:
 A = Spawn XP
 B = Non-spawn XP
 C = Spawn XP percentage of total XP
 D = Spawn monster count
 E = Non-spawn monster count
 F = Spawn count percentage of total count
 G = Total turns spent on level
                    A         B        C        D         E        F      G
               +---------+---------+-------+---------+---------+-------+---------
         Total |       0 |     358 |   0.0 |       0 |      56 |   0.0 |  3630
               +---------+---------+-------+---------+---------+-------+---------
           D:1 |       0 |      27 |   0.0 |       0 |      15 |   0.0 |   844
           D:2 |       0 |      26 |   0.0 |       0 |       9 |   0.0 |   670
           D:3 |       0 |     187 |   0.0 |       0 |      31 |   0.0 |  2076
           D:4 |       0 |     118 |   0.0 |       0 |       1 |   0.0 |    40
               +---------+---------+-------+---------+---------+-------+---------

Table legend:
 A = Turns spent in this place as a percentage of turns spent in the entire game.
 B = Non-inter-level travel turns spent in this place as a percentage of non-inter-level travel turns spent in the entire game.
 C = Inter-level travel turns spent in this place as a percentage of turns spent in this place.
 D = Turns resting spent in this place as a percentage of non-inter-level travel turns spent in this place.
 E = Turns spent auto-exploring this place as a percentage of non-inter-level travel turns spent in this place.
 F = Non-inter-level travel turns spent in this place divided by the number of levels of this place that you've seen.
                   A       B       C       D       E      F
               +-------+-------+-------+-------+-------+----------------------
         Total | 100.0 | 100.0 |   6.1 |  30.8 |  42.5 | 852.0
       Dungeon | 100.0 | 100.0 |   6.1 |  30.8 |  42.5 | 852.0
               +-------+-------+-------+-------+-------+----------------------

Vault maps used:
D:1:      matt_arrival_los_fun
D:3:      grunt_dithmenos_smoke_and_mirrors
D:4:      gup_sewer_entry_spiral, minmay_misc_feat_more_columns, uniq_sigmund,
          uniq_menkaure
